 Dungeon Crawl Stone Soup version 0.30-a0-949-g53dc5368d7 (webtiles) character file.

Game seed: 11079134621763647893

5058 dr0g0th the Spear-Bearer (level 10, -6/63 HPs)
             Began as a Gargoyle Fighter on Mar 27, 2023.
             Killed from afar by an acid dragon (27 damage)
             ... with a splash of acid
             ... on level 9 of the Dungeon.
             The game lasted 00:14:24 (6921 turns).

dr0g0th the Spear-Bearer (Gargoyle Fighter)         Turns: 6921, Time: 00:14:28

Health: -6/63      AC: 12    Str: 24    XL:     10   Next: 56%
Magic:  10/10      EV:  7    Int:  9    God:
Gold:   434        SH:  5    Dex:  9    Spells: 9/9 levels left

rFire   . . .      SeeInvis .    a - +0 trident (freeze)
rCold   . . .      Faith    .    c - +0 buckler
rNeg    + . .      Spirit   .    j - +0 plate armour
rPois   ∞          Reflect  .    n - +0 helmet
rElec   +          Rampage  .    e - +1 cloak {rPois}
rCorr   .                        (no gloves)
Will    .....                    (no boots) Stlth
                                 f - amulet of magic regeneration
HPRegen 0.30/turn                (no ring)
MPRegen 0.52/turn                (no ring)

@: about to teleport, corroded
A: sickness immunity, AC +7, negative energy resistance 1, electricity
resistance, torment resistance 1, petrification resistance
a: no special abilities


You were on level 9 of the Dungeon.
You visited 1 branch of the dungeon, and saw 9 of its levels.
You also visited: Ossuary.

You collected 434 gold pieces.

Inventory:

Hand Weapons
 a - a +0 trident of freezing (weapon)
 w - a +0 halberd
Missiles
 i - a throwing net (quivered)
Armour
 c - a +0 buckler (worn)
 e - a +1 cloak of poison resistance (worn)
 j - a +0 plate armour (worn)
 n - a +0 helmet (worn)
Jewellery
 f - an amulet of magic regeneration (around neck)
Wands
 r - a wand of mindburst (7)
 t - a wand of quicksilver (4)
 A - a wand of paralysis (6)
Scrolls
 b - a scroll of magic mapping {unknown}
 k - a scroll of noise {unknown}
 m - 3 scrolls of vulnerability {unknown}
 o - a scroll of poison {unknown}
 p - a scroll of enchant weapon {unknown}
 q - 7 scrolls of identify
 s - 3 scrolls of blinking {unknown}
 u - 2 scrolls of immolation {unknown}
 v - 3 scrolls of teleportation
 y - a scroll of amnesia
 z - a scroll of torment {unknown}
 C - a scroll of summoning {unknown}
Potions
 d - a potion of lignification
 g - 2 potions of degeneration
 h - a potion of haste {unknown}
 l - 3 potions of brilliance
 x - 2 potions of berserk rage {unknown}
 B - a potion of might


   Skills:
 + Level 7.1 Fighting
 + Level 9.6 Polearms
 + Level 7.4 Armour
 + Level 3.7 Dodging
 + Level 1.3 Stealth
 + Level 7.2 Shields


You had 9 spell levels left.
You didn't know any spells.
Your spell library was empty.

Dungeon Overview and Level Annotations

Branches:
Dungeon (9/15)               Lair (0/5) D:8         Ossuary (visited)
 Temple: D:4-7          Orc: D:9-12

Altars:
Ashenzari
Cheibriados
Hepliaklqana

Shops:
D:1 :


Innate Abilities, Weirdness & Mutations

You are immune to sickness and miasma.
Your stone body is resilient. (AC +7)
You are immune to poison.
You resist negative energy. (rN+)
You are resistant to electric shocks. (rElec)
You are resistant to unholy torment.
You are immune to petrification.


Message History

The acid dragon claws you but does no damage.
The kobold brigand completely misses you.
Unknown command.
You closely miss the kobold brigand.
The kobold brigand is severely wounded.
The acid dragon spits acid at you. The splash of acid hits you!
The acid corrodes you!
The kobold brigand hits you but does no damage.
You barely miss the kobold brigand.
The kobold brigand is severely wounded.
The acid dragon barely misses you. You block the acid dragon's attack.
You hit the kobold brigand but do no damage.
The kobold brigand is severely wounded.
The kobold brigand hits you with a +0 dagger.
You closely miss the kobold brigand.
The kobold brigand is severely wounded.
You block the acid dragon's attack. The acid dragon barely misses you.
The kobold brigand hits you with a +0 dagger.
You hit the kobold brigand but do no damage.
The kobold brigand is severely wounded.
The acid dragon closely misses you. The acid dragon barely misses you.
The kobold brigand barely misses you.
You closely miss the kobold brigand.
The kobold brigand is severely wounded.
The acid dragon bites you but does no damage.
The acid dragon closely misses you.
The kobold brigand hits you with a +0 dagger.
As you read the scroll of teleportation, it crumbles to dust.
You feel strangely unstable.
The acid dragon bites you but does no damage.
The acid dragon closely misses you.
The kobold brigand hits you but does no damage.
The kobold brigand hits you but does no damage.
The kobold brigand attacks as you move away!
The kobold brigand hits you with a +0 dagger.
The acid dragon attacks as you move away!
You block the acid dragon's attack. The acid dragon claws you.
The acid dragon spits acid at you. The splash of acid hits you!!
You die...

.....#.#....###.#.........
.##..#.#.#..# #.#.........
.....###.#..###.#.........
................#.).......
......#.#########)...K....
........#......##K########
.....####......#.DK...... ....†#
........#......### #
.....####.##...'@........ .
........#.##...##########
.###..#.#............
........#.........###
....##'##.........#
....+...............
..#.#................ ##+########
..#.#................ #.)......[.
....###################.#).##....


You could see an acid dragon (catching breath), a kobold brigand and a kobold.

Vanquished Creatures
  Pikel (D:6)
  A manticore (D:7)
  Sigmund (D:2)
  A wyvern (D:8)
  4 yaks (D:7)
  A steam dragon (D:7)
  4 water moccasins
  Duvessa (D:5)
  A sky beast (D:5)
  2 orc warriors (D:7)
  An ice beast (D:5)
  2 black bears
  2 centaurs
  2 phantoms (D:6)
  A lemure (D:7)
  A kobold brigand (D:8)
  A gnoll sergeant (D:7)
  13 scorpions
  A bullfrog (D:7)
  Dowan (D:5)
  3 centaur zombies (Ossuary)
  3 human zombies (Ossuary)
  A gnoll bouda (D:5)
  A hound (D:7)
  Crazy Yiuf (D:2)
  4 scorpion zombies (Ossuary)
  Jessica (D:2)
  An iguana (D:5)
  4 orc wizards
  4 mummies
  11 gnolls
  11 adders
  A white imp (D:7)
  An ufetubus (D:6)
  A worm (D:3)
  A dart slug (D:2)
  23 orcs
  5 endoplasms
  A giant cockroach (D:2)
  2 gnoll zombies (Ossuary)
  8 goblins
  4 hobgoblins
  2 quokkas
  6 ball pythons
  6 bats
  A frilled lizard (D:2)
  3 goblin zombies (Ossuary)
  2 hobgoblin zombies (Ossuary)
  12 kobolds
  3 kobold zombies (Ossuary)
  An orc zombie (Ossuary)
  6 rats
  A spectral goblin (D:6)
177 creatures vanquished.

Notes
Turn   | Place    | Note
-------+----------+-------------------------------------------
     0 | D:1      | dr0g0th the Gargoyle Fighter began the quest for the Orb.
     0 | D:1      | Reached XP level 1. HP: 14/14 MP: 1/1
   296 | D:1      | Reached XP level 2. HP: 19/19 MP: 2/2
   392 | D:1      | Found Eraithel's Book Shop.
   679 | D:2      | Reached XP level 3. HP: 23/23 MP: 3/3
   699 | D:2      | Noticed Sigmund
   793 | D:2      | Reached skill level 2 in Polearms
   895 | D:2      | Found a runed translucent door.
   896 | D:2      | Noticed Crazy Yiuf
   997 | D:2      | Killed Sigmund
   998 | D:2      | Reached skill level 3 in Polearms
   998 | D:2      | Reached XP level 4. HP: 23/29 MP: 4/4
   998 | D:2      | Reached XP level 5. HP: 26/33 MP: 5/5
  1084 | D:2      | Noticed Jessica
  1097 | D:2      | Killed Jessica
  1309 | D:2      | Killed Crazy Yiuf
  1310 | D:2      | Reached XP level 6. HP: 38/38 MP: 6/6
  1402 | D:3      | Reached skill level 4 in Polearms
  1618 | D:3      | Found a broken altar of Ashenzari.
  1672 | D:3      | Found a faded altar of an unknown god.
  2038 | D:3      | Found a snail-covered altar of Cheibriados.
  2455 | D:4      | Found a sand-covered staircase.
  2465 | Ossuary  | Entered an ossuary
  2485 | Ossuary  | Reached skill level 1 in Dodging
  2485 | Ossuary  | Reached skill level 1 in Stealth
  2490 | Ossuary  | Reached XP level 7. HP: 42/44 MP: 7/7
  2644 | Ossuary  | Reached skill level 5 in Polearms
  2644 | Ossuary  | Reached skill level 5 in Armour
  2855 | Ossuary  | Reached skill level 5 in Shields
  2879 | Ossuary  | Reached XP level 8. HP: 46/48 MP: 8/8
  2959 | Ossuary  | Reached skill level 5 in Fighting
  2959 | Ossuary  | Reached skill level 6 in Polearms
  3322 | D:5      | Entered Level 5 of the Dungeon
  3418 | D:5      | Reached skill level 7 in Polearms
  3418 | D:5      | Reached XP level 9. HP: 23/54 MP: 9/9
  3421 | D:5      | Gained mutation: You passively map a small area around you.
                  | [potion of mutation]
  3853 | D:5      | Noticed Duvessa
  3854 | D:5      | Noticed Dowan
  3863 | D:5      | Lost mutation: You passively map a small area around you.
                  | [potion of mutation]
  3863 | D:5      | Gained mutation: You are partially covered in iridescent
                  | scales. (AC +2) [potion of mutation]
  3863 | D:5      | Lost mutation: You are partially covered in iridescent
                  | scales. (AC +2) [potion of mutation]
  3873 | D:5      | Killed Duvessa
  3932 | D:5      | Killed Dowan
  4769 | D:6      | Found a hazy altar of Hepliaklqana.
  5034 | D:7      | Reached skill level 8 in Polearms
  5123 | D:7      | Noticed Pikel
  5155 | D:6      | Killed Pikel
  5324 | D:7      | Noticed a manticore
  5337 | D:7      | Killed a manticore
  5338 | D:7      | Reached XP level 10. HP: 25/61 MP: 10/10
  5541 | D:7      | Reached skill level 9 in Polearms
  6566 | D:8      | Noticed a death yak
  6568 | D:8      | Found a staircase to the Lair.
  6568 | D:8      | Noticed a death yak
  6568 | D:8      | Noticed a death yak
  6570 | D:8      | Noticed a death yak
  6570 | D:8      | Noticed a death yak
  6572 | D:8      | Noticed a death yak
  6572 | D:8      | Noticed a death yak
  6921 | D:9      | Killed from afar by an acid dragon

Illustrated notes

Levels and vault maps discovered:
D:1:      dreamdust_arrival_sigmund_warning, layout_basic, serial_shops, shop
D:2:      layout_rooms, uniq_sigmund, uniq_jessica, uniq_crazy_yiuf_cottage
D:3:      layout_basic, amcnicky_altar_gilded, ashenzari_conservatory_becter,
          nicolae_ecumenical_snake_handling
D:4:      layout_gridville, grunt_temple_overflow_open, temple_green,
          gup_ossuary_entry_pyramid, kennysheep_pointless_box, st_stairs_5,
          hex_tiny
D:5:      layout_rooms, uniq_duvessa
D:6:      layout_basic, nicolae_hepliaklqana_monster_ancestors,
          roderic_st_hans_cross, serial_bayou_crossing
D:7:      layout_basic, uniq_pikel
D:8:      layout_basic, dpeg_lair_monsters
D:9:      cheibrodos_wizards_tower, layout_stronghold, patterned_corridor

Skill      XL: |  1  2  3  4  5  6  7  8  9 10 |
---------------+-------------------------------+-----
Polearms       | 3 4 5 7 8 9 |  9.6
Fighting       | 4 5 6 7 |  7.1
Armour         | 4 5 7 |  7.4
Shields        | 4 5 6 7 |  7.2
Dodging        | 1 2 3 |  3.7
Stealth        | 1 |  1.3

Action                     |  1- 3 |  4- 6 |  7- 9 | 10-12 || total
---------------------------+-------+-------+-------+-------++-------
  Melee: Trident           |    88 |    94 |   495 |   229 ||   906
    Use: Potion            |     1 |       |    12 |       ||    13
         Scroll            |       |     5 |     1 |     2 ||     8
 Armour: Scale mail        |    41 |    39 |   319 |    79 ||   478
         Skin              |       |       |    33 |       ||    33
         Plate armour      |       |       |       |    59 ||    59
  Dodge: Dodged            |    54 |    30 |   227 |    63 ||   374
  Block: Buckler           |    22 |    12 |   103 |    51 ||   188

Table legend: (Time is in decaauts)
 A = Elapsed time spent in this place.
 B = Non-inter-level travel time spent in this place.
 C = Inter-level travel time spent in this place.
 D = Time resting spent in this place.
 E = Time spent auto-exploring this place.
 F = Levels seen in this place.
 G = Mean time per level.
                   A        B        C        D        E       F      G
               +--------+--------+--------+--------+--------+-----+--------+
         Total |   6942 |   6634 |    308 |    921 |   4126 |  10 |  694.2 |
       Dungeon |   6255 |   5947 |    308 |    844 |   3926 |   9 |  695.0 |
       Ossuary |    687 |    687 |      0 |     77 |    200 |   1 |  687.0 |
               +--------+--------+--------+--------+--------+-----+--------+

Top non-repeatable levels by time:
     D:7: 1230 daAuts
     D:6: 1034 daAuts
     D:3: 926 daAuts
     D:2: 721 daAuts
     D:5: 721 daAuts
 Ossuary: 687 daAuts
     D:1: 654 daAuts
     D:4: 383 daAuts
     D:9: 322 daAuts
     D:8: 259 daAuts
